 Dungeon Crawl Stone Soup version 0.27.1-3-gb3d3a73c9e (webtiles) character file.

Game seed: 1466401847447448453

765978 Liramuza the Conqueror (level 27, -19/271 (273) HPs)
             Began as a Minotaur Berserker on Oct 8, 2021.
             Was the Champion of Trog.
             Demolished by a purple draconian (28 damage)
             ... on level 5 of the Realm of Zot.
             The game lasted 03:08:57 (86384 turns).

Liramuza the Conqueror (Minotaur Berserker)        Turns: 86384, Time: 03:08:58

HP:   -19/271 (273) AC: 48    Str: 35      XL:     27
MP:   31/31         EV:  9    Int:  0 (4)  God:    Trog [******]
Gold: 7857          SH: 30    Dex:  9      Spells: 26/26 levels left

rFire    + + +     SeeInvis +   s - +7 broad axe of Charity {flame, +Blink rN+ rCorr}
rCold    + + +     Faith    .   a - +5 kite shield {AC+3}
rNeg     + + .     Spirit   .   P - +9 scales of the Dragon King {rPois rF+ rC+ Will+}
rPois    +         Reflect  +   (helmet unavailable)
rElec    +         Harm     .   R - +1 cloak of Tah Pes {rC+ Regen+ MP+9}
rCorr    +         Rampage  .   x - +2 pair of gloves {archery}
Will     +++++     Rnd*Rage +   z - +0 pair of boots of Haxugiesch {rCorr Slay+2}
Stlth    ..........             W - amulet "Vefri" {Reflect rElec Dex+2 SH+5 SInv}
HPRegen  4.55/turn              E - ring "Cezxyklilit" {Contam rF+ rCorr Str+3}
MPRegen  0.22/turn              v - ring "Akig" {rN+ SInv}

@: resistant, marked, strong-willed, corroded, unable to read, regenerating,
slowed, lost intelligence, studying Throwing, lightly drained, very slow
A: horns 3, retaliatory headbutt, beak, claws 1, iridescent scales 2, berserk 1,
clumsy 2, regeneration 2, weak 1, inability to read while threatened, noise
suppression
}: 4/15 runes: decaying, serpentine, slimy, silver
a: Renounce Religion, Evoke Blink, Berserk, Trog's Hand, Brothers in Arms


You were on level 5 of the Realm of Zot.
You worshipped Trog.
Trog was exalted by your worship.
You visited 10 branches of the dungeon, and saw 54 of its levels.
You visited 1 ziggurat, and saw 5 of its levels.
You also visited: Trove, Ossuary, Bailey, Ice Cave, Volcano and Wizlab.

You collected 11127 gold pieces.
You spent 3270 gold pieces at shops.

Inventory:

Hand Weapons
 s - the +7 broad axe of Charity (weapon) {flame, +Blink rN+ rCorr}
   (You acquired it on level 5 of the Depths)

   It burns those it strikes, dealing additional fire damage.
   Big, fiery blades are also staple armaments of hydra-hunters.
   rN:        It protects you from negative energy.
   +Blink:    It lets you blink.
   rCorr:     It protects you from acid and corrosion.
Missiles
 y - 4 throwing nets (quivered)
Armour
 a - a +5 kite shield of protection (worn)
 k - a +2 hat of willpower
 x - a +2 pair of gloves of archery (worn)
 z - the +0 pair of boots of Haxugiesch (worn) {rCorr Slay+2}
   (You found it on level 5 of the Vaults)

   Slay:      It affects your accuracy & damage with ranged weapons and melee
   (+2).
   rCorr:     It protects you from acid and corrosion.
 P - the +9 scales of the Dragon King (worn) {rPois rF+ rC+ Will+}
   (You found it on level 2 of the Depths)

   rF:        It protects you from fire.
   rC:        It protects you from cold.
   rPois:     It protects you from poison.
   Will:      It increases your willpower.
 R - the +1 cloak of Tah Pes (worn) {rC+ Regen+ MP+9}
   (You found it on level 3 of the Elven Halls)

   rC:        It protects you from cold.
   MP:        It affects your magic capacity (+9).
   Regen:     It increases your rate of health regeneration.
Jewellery
 v - the ring "Akig" (right hand) {rN+ SInv}
   (You found it in a wizard's laboratory)

   [ring of positive energy]

   rN:        It protects you from negative energy.
   SInv:      It lets you see invisible.
 E - the ring "Cezxyklilit" (left hand) {Contam rF+ rCorr Str+3}
   (You found it on level 3 of the Realm of Zot)

   [ring of resist corrosion]

   Str:       It affects your strength (+3).
   rF:        It protects you from fire.
   Contam:    It causes magical contamination when unequipped.
   rCorr:     It protects you from acid and corrosion.
 W - the amulet "Vefri" (around neck) {Reflect rElec Dex+2 SH+5 SInv}
   (You acquired it on level 11 of the Dungeon)

   [amulet of reflection]

   It reflects blocked missile attacks.
   Dex:       It affects your dexterity (+2).
   rElec:     It insulates you from electricity.
   SInv:      It lets you see invisible.
   SH:        It affects your SH (+5).
Wands
 u - a wand of mindburst (58)
 B - a wand of digging (23)
 F - a wand of paralysis (51)
 K - a wand of iceblast (77)
 N - a wand of flame (112)
 X - a wand of charming (22)
 Y - a wand of acid (14)
Scrolls
 e - 9 scrolls of summoning
 f - 27 scrolls of teleportation
 h - 12 scrolls of magic mapping
 i - 16 scrolls of fear
 o - a scroll of identify
 q - a scroll of fog
 t - 7 scrolls of blinking
 H - 5 scrolls of holy word
 M - 3 scrolls of silence
Potions
 b - 12 potions of attraction
 c - 5 potions of haste
 d - 2 potions of might
 g - 33 potions of curing
 j - 5 potions of flight
 l - a potion of mutation
 m - 19 potions of heal wounds
 n - 5 potions of cancellation
 p - 7 potions of invisibility
 D - 12 potions of lignification
 L - 8 potions of resistance
Miscellaneous
 A - a phantom mirror
 G - a condenser vane


   Skills:
 O Level 27 Fighting
 O Level 27 Axes
 O Level 27 Armour
 - Level 2.1 Dodging
 O Level 27 Shields
 + Level 22.0 Evocations


You had 26 spell levels left.
You didn't know any spells.
Your spell library was empty.

Dungeon Overview and Level Annotations

Branches:
Dungeon (15/15)            Temple (0/1) D:4            Lair (6/6) D:10
  Swamp (4/4) Lair:4        Snake (4/4) Lair:4        Slime (5/5) Lair:5
    Orc (2/2) D:10            Elf (3/3) Orc:2        Vaults (5/5) D:14
  Crypt (0/3) Vaults:3     Depths (5/5) D:15            Zot (5/5) Depths:5
Ossuary (visited)          Bailey (visited)           IceCv (visited)
Volcano (visited)          WizLab (visited)

Altars:
Fedhas
Makhleb
Trog
Uskayaw
Wu Jian
Xom
Jiyva
Lugonu

Shops:
D:4 ?[(?   D:10 (   D:12 (   Orc:2 (=[!?   Elf:3 (   Snake:2 ?   Snake:4 =:=*
Vaults:1 =   Vaults:5 *

Portals:
Hell: Depths:1 Depths:2 Depths:3 Depths:4 Depths:5
Abyss: Depths:4 Depths:5
Pandemonium: Orc:2 Depths:2 Depths:3

Annotations:
Lair:6 2 transporters, VictoriousLee's ghost, journeyman TeSu
Zot:2 2 transporters, ShutUppercut's ghost, legendary DsGl


Innate Abilities, Weirdness & Mutations

You have a pair of large horns on your head.
You reflexively headbutt those who attack you in melee.
You have a beak for a mouth.
You have sharp fingernails.
You are mostly covered in iridescent scales. (AC +4)
You tend to lose your temper in combat.
You are very clumsy. (Dex -4)
You heal very quickly.
You are weak. (Str -2)
You sometimes lose the ability to read scrolls when taking damage.
You passively dampen the noise of your surroundings.


Message History

The purple draconian hits you but does no damage.
The Orb Guardian hits you but does no damage.
The golden dragon rages.
The purple draconian annihilator mumbles some strange words.
The purple draconian annihilator blinks!
Your stone giant goes berserk!
You block the Orb Guardian's attack.
The dread lich touches you but does no damage.
The purple draconian hits you but does no damage.
You block the dread lich's attack.
The purple draconian hits you from afar with a +2 trident of protection!
* * * LOW HITPOINT WARNING * * *
The Orb Guardian hits you!
* * * LOW HITPOINT WARNING * * *
The dread lich touches you but does no damage.
The shadow demon gestures.
Send 'em back where they came from!
Trog shields your ally from puny magic!
The dread lich touches you but does no damage.
You block the Brimstone Fiend's attack.
The Brimstone Fiend hits you but does no damage. x2
You block the purple draconian's attack.
The purple draconian hits you from afar with a +2 trident of protection!
* * * LOW HITPOINT WARNING * * *
The Orb Guardian hits you.
* * * LOW HITPOINT WARNING * * *
The shadow demon hits you but does no damage.
The dread lich touches you but does no damage.
The Brimstone Fiend calls on the powers of darkness!
Your body is wracked with pain!
* * * LOW HITPOINT WARNING * * *
The purple draconian convulses!
The golden dragon convulses!
Your stone giant convulses!
The Orb Guardian convulses!
The moth of wrath convulses!
The purple draconian convulses!
The moth of wrath convulses!
The purple draconian annihilator convulses!
The Killer Klown convulses!
The dread lich barely misses you. You furiously retaliate!
You headbutt the dread lich!!
The purple draconian hits you with a +0 flail!!
You die...

≈.........# #.# #.# #.......
≈.........# #.# #.# #.......
.......⌠..#####.######.###.......
.........................'.......
..........##########.#.###.......
....≈≈≈≈≈.# #.....######'#
########▓▓▓ ########.######## ▓▓▓
.......## #...CX..........# *
........## ##.1@dD........#* **
.........## #.2LLy........# **,
..........# ##dy2q.......## *,,
..........# #...........# *,,
..........# ##...........## *,,
..........# #.............# *,,
..........# ##p............## *,,
..........###...............##*,,
.^q...212###...###########...#**,


You could see a Killer Klown, a golden dragon (summoned, berserk), 2 dread
liches, a Brimstone Fiend (summoned, ally target), 2 draconians, an Orb Guardian
(berserk), a purple draconian annihilator, a blizzard demon (summoned), a shadow
demon (summoned), 2 moths of wrath and a friendly stone giant (summoned,
berserk).

Vanquished Creatures
  the Royal Jelly (Slime:5)
  4 dread liches
  3 ancient liches
  5 orbs of fire
  A juggernaut (Depths:2)
  Sojobo (Vaults:5)
  Bai Suzhen (Elf:3)
  the Lernaean hydra (Swamp:4)
  The ghost of rgbqcd the Executioner, a veteran MiBe of Trog (Vaults:4)
  5 Killer Klowns
  A shard shrike (Zot:4)
  3 curse toes
  Vashnia (Snake:2)
  Saint Roka (Elf:3)
  A caustic shrike (Depths:2)
  10 golden dragons
  2 hellephants
  An electric golem (Zot:5)
  16 tentacled monstrosities
  21 Orb Guardians (Zot:5)
  5 liches
  2 titans
  7 quicksilver dragons
  A moon troll (WizLab)
  A deep elf master archer (Elf:3)
  8 tentacled starspawn (WizLab)
  2 deep elf blademasters
  4 sphinxes
  7 death cobs
  19 acid blobs
  5 thorn hunters
  17 tengu reavers
  Gastronok (D:8)
  The ghost of Liforeniyw the Executioner, an adept MiBe of Trog (Snake:3)
  18 draconian monks
  A pandemonium lord (Zig:3)
  20 storm dragons
  7 shadow dragons
  The ghost of belegose the Envoy of Void, an adept DrAK of Lugonu (Snake:1)
  23 azure jellies
  5 draconian knights
  17 frost giants
  19 rockslimes
  Aizul (Snake:1)
  13 draconian scorchers
  7 deep elf sorcerers
  Kirke (Snake:1)
  12 fire giants
  2 nagarajas (Snake:2)
  The ghost of Xyifiofi the Gelid, an adept OpCj of Sif Muna (Depths:1)
  18 vault wardens
  A corrupter (Depths:2)
  2 iron dragons (Vaults:5)
  4 orc warlords
  2 balrugs
  4 cacodemons
  5 ghost moths
  A warmonger (Depths:2)
  6 deep elf elementalists (Elf:3)
  A curse skull (Vaults:3)
  6 draconian stormcallers
  A ghoul (Vaults:3)
  A spriggan defender (Depths:2)
  22 ironbound preservers
  2 war gargoyles
  6 draconian annihilators
  8 draconian shifters
  A reaper (Depths:1)
  19 very ugly things
  8 vampire knights
  29 stone giants
  13 quicksilver oozes
  Nessos (D:13)
  3 entropy weavers
  16 green draconians
  16 black draconians
  7 deep elf demonologists
  19 white draconians
  6 deep elf annihilators (Elf:3)
  17 red draconians
  13 purple draconians
  6 dire elephants
  6 bunyips
  3 minotaurs
  3 spark wasps
  18 yellow draconians
  2 crystal guardians (Vaults:4)
  Snorg (Lair:5)
  19 fire dragons
  19 ettins
  2 jiangshi (Depths:1)
  5 eleionomae
  A green death (Zig:3)
  Josephine (Lair:5)
  9 deep elf death magi
  A shambling mangrove (Swamp:2)
  16 yaktaur captains
  5 rakshasas
  8 ironbound thunderhulks
  6 deep elf high priests
  28 vault guards
  A hydra (shapeshifter) (Depths:5)
  7 salamander tyrants
  The ghost of barney the Transmogrifier, a journeyman DrTm of Vehumet (Orc:1)
  8 spriggan air magi
  A quicksilver dragon skeleton (Vaults:4)
  22 great orbs of eyes
  14 ice dragons
  3 catoblepae
  2 peacekeepers (Vaults:4)
  Erolcha (Orc:1)
  23 hydras
  14 ironbound frosthearts
  17 naga warriors
  4 boulder beetles
  Erica (D:8)
  A hell beast (Depths:3)
  3 ogre magi (Vaults:5)
  A death knight (D:14)
  3 two-headed ogres (shapeshifter)
  31 dancing weapons
  14 centaur warriors
  4 two-headed ogres
  6 death yaks (Lair:5)
  A death scarab (Zig:2)
  12 anacondas
  14 deep troll shamans
  6 vampire magi
  10 deep troll earth magi
  14 tengu warriors
  6 hell hogs
  8 alligators
  A shock serpent (shapeshifter) (Depths:2)
  7 spriggan berserkers
  2 ironbound beastmasters
  7 shock serpents
  6 soul eaters
  4 sun demons (Depths:3)
  18 deep elf knights
  5 orc high priests (Orc:2)
  14 naga sharpshooters
  2 wretched stars (WizLab)
  9 iron trolls
  A fire crab (shapeshifter) (D:14)
  11 skeletal warriors
  A hell knight (Depths:3)
  A sea snake (shapeshifter) (Depths:1)
  A shadow wraith (Vaults:4)
  4 salamander mystics
  11 glowing orange brains
  A death drake (Swamp:3)
  2 goliath frogs
  67 deep trolls
  10 naga ritualists
  A flayed ghost (Depths:4)
  17 swamp dragons
  2 torturous demonspawn (Orc:2)
  2 orange crystal statues
  10 deep elf archers
  2 gelid demonspawn (Depths:3)
  3 spriggan druids
  14 ironbound convokers
  3 spectral hydras (Swamp:3)
  Pikel (D:5)
  13 bog bodies
  4 phantasmal warriors
  An anaconda skeleton (Volcano)
  34 deep elf pyromancers
  15 deep elf zephyrmancers
  5 necromancers
  6 lindwurms
  8 orc knights
  6 harpies
  2 goliath frog zombies (Swamp:3)
  13 wizards
  A wolf spider (Vaults:5)
  4 shining eyes
  40 ugly things
  6 will-o-the-wisps
  A moth of wrath (shapeshifter) (Vaults:5)
  11 mana vipers
  9 orc sorcerers (Orc:2)
  7 cyclopes
  4 manticores
  A manticore (shapeshifter) (Vaults:2)
  9 elephants
  4 oklob plants (Lair:5)
  29 salamanders
  18 moths of wrath
  A faun (shapeshifter) (Zig:4)
  2 centaur zombies (D:11)
  21 vault sentinels
  10 guardian serpents
  Joseph (D:7)
  8 eyes of devastation
  An apocalypse crab (Zig:4)
  50 black mambas
  12 naga magi
  Maggie (D:6)
  5 gargoyles
  An orange demon (Depths:3)
  3 smoke demons
  19 cane toads
  A kobold demonologist (D:12)
  2 unseen horrors
  2 efreet (D:14)
  A hellion (Zig:3)
  5 freezing wraiths
  29 yaktaurs
  9 komodo dragons
  2 tormentors
  3 rime drakes (IceCv)
  Psyche (D:8)
  4 swamp worm zombies (Swamp:3)
  7 tengu conjurers
  A human zombie (Vaults:4)
  A guardian mummy (Zig:2)
  11 trolls
  A large abomination (Swamp:3)
  15 hornets
  6 polar bears
  15 tyrant leeches
  A harpy skeleton (Volcano)
  2 alligator zombies (Swamp:3)
  A blink frog (shapeshifter) (D:15)
  27 blink frogs
  A human simulacrum (Vaults:4)
  3 spectral swamp dragons (Swamp:3)
  122 slime creatures
  13 dream sheep
  An alligator skeleton (Volcano)
  A fire dragon skeleton (Zig:2)
  5 air elementals
  2 flying skulls (Volcano)
  A shadow (D:12)
  5 redbacks
  A tarantella (Vaults:1)
  9 water elementals
  12 wraiths
  3 wyverns
  A vampire (D:12)
  A ynoxinul (Orc:2)
  11 spriggans
  5 basilisks
  A tarantella (shapeshifter) (D:14)
  3 hogs (Snake:1)
  4 tyrant leech zombies (Swamp:3)
  5 humans (Zot:4)
  2 steam dragons
  55 yaks
  21 golden eyes
  25 vampire mosquitoes
  4 neqoxecs
  Menkaure (D:4)
  11 wargs
  47 nagas
  14 swamp worms
  A swamp worm (shapeshifter) (Depths:2)
  2 acid dragons
  10 water moccasins
  12 hell hounds (D:15)
  A floating eye (Depths:3)
  40 orc warriors
  10 swamp drakes
  A black bear (shapeshifter) (D:13)
  A sky beast (D:7)
  6 black bears
  11 ogres
  A boggart (Vaults:2)
  10 wolves
  9 centaurs
  A centaur (shapeshifter) (Vaults:5)
  2 lemures (D:5)
  4 kobold brigands
  23 bullfrogs
  An earth elemental (Elf:1)
  2 gnoll sergeants
  A scorpion (D:10)
  A water moccasin skeleton (D:5)
  2 killer bees (shapeshifter)
  2 troll zombies (Swamp:3)
  3 spriggan zombies (Swamp:3)
  4 wights (D:7)
  5 killer bees (D:7)
  A spriggan skeleton (Volcano)
  6 howler monkeys
  An electric eel (Lair:6)
  6 starcursed masses (WizLab)
  A hound (D:6)
  3 jellies (D:11)
  24 orc priests
  2 centaur skeletons
  A bullfrog skeleton (D:4)
  An iguana (D:4)
  Jessica (D:2)
  12 orc wizards
  6 hell rats (Lair:5)
  A killer bee zombie (D:9)
  A naga skeleton (Volcano)
  A hound zombie (Ossuary)
  5 mummies
  6 adders
  14 gnolls
  A howler monkey skeleton (D:6)
  2 shadow imps
  A white imp (D:6)
  3 ufetubi
  5 adder skeletons
  2 adder zombies (Ossuary)
  4 worms
  2 dart slugs
  74 orcs
  11 endoplasms
  7 giant cockroaches
  8 hobgoblins
  34 kobolds
  4 quokkas
  6 ball pythons
  A ball python skeleton (D:3)
  6 bats
  A gnoll zombie (Ossuary)
  10 goblins
  2 goblin zombies (Ossuary)
  2 hobgoblin zombies (Ossuary)
  3 jackal zombies (Ossuary)
  A kobold zombie (Ossuary)
  3 rats (D:1)
  17 briar patches
  A fire vortex (Depths:3)
  A lurking horror (Depths:5)
  11 starspawn tentacles (WizLab)
2623 creatures vanquished.

Vanquished Creatures (collateral kills)
  A dread lich (Zot:5)
  Nikola (Swamp:1)
  3 acid blobs (Slime:4)
  A shadow dragon (Zot:5)
  A quicksilver ooze (Slime:4)
  2 ironbound thunderhulks (Vaults:3)
  A vault guard (Vaults:1)
  An ironbound frostheart (Vaults:1)
  An ironbound beastmaster (Vaults:1)
  An ugly thing (Vaults:3)
  A cane toad (Lair:6)
  2 slime creatures (Vaults:3)
  2 tyrant leeches
  A blink frog (Lair:1)
  A wyvern (Lair:1)
  A warg (Orc:2)
  An orc warrior (Orc:2)
  2 bullfrogs
  2 orcs (Orc:2)
26 creatures vanquished.

Vanquished Creatures (others)
  A fire giant (Depths:5)
  A draconian knight (Zot:3)
  A goliath frog (Swamp:4)
  A shadow wraith (Vaults:4)
  A wizard (Depths:3)
  2 deep elf pyromancers (Elf:2)
  A guardian serpent (Snake:4)
  A bloated husk (Swamp:4)
  A flying skull (Volcano)
  A naga (Snake:4)
  A centaur (D:15)
  3 demonic plants (WizLab)
  47 foxfires
  46 fungi
  A lurking horror (Depths:5)
  127 plants
  11 starspawn tentacles (WizLab)
  4 toadstools (Swamp:1)
  6 withered plants (Swamp:3)
257 creatures vanquished.

Grand Total: 2906 creatures vanquished

Notes
Turn   | Place    | Note
-------+----------+-------------------------------------------
     0 | D:1      | Liramuza the Minotaur Berserker began the quest for the
                  | Orb.
     0 | D:1      | Reached XP level 1. HP: 19/19 MP: 0/0
   137 | D:1      | Reached XP level 2. HP: 13/27 MP: 1/1
  1089 | D:2      | Reached XP level 3. HP: 24/34 MP: 2/2
  1405 | D:2      | Found a faded altar of an unknown god.
  1641 | D:2      | Reached ** piety under Trog
  2032 | D:2      | Noticed Jessica
  2036 | D:2      | Killed Jessica
  2037 | D:2      | Reached skill level 5 in Fighting
  2037 | D:2      | Reached skill level 5 in Axes
  2037 | D:2      | Reached XP level 4. HP: 40/42 MP: 3/3
  2577 | D:3      | Reached XP level 5. HP: 48/48 MP: 4/4
  3692 | D:4      | Noticed a black bear
  3698 | D:4      | Killed a black bear
  3699 | D:4      | Reached XP level 6. HP: 58/58 MP: 5/5
  3993 | D:4      | Found a staircase to the Ecumenical Temple.
  4112 | D:4      | Found Vaidet's Antique Weapon Emporium.
  4113 | D:4      | Found Doxzy's Magic Scroll Emporium.
  4114 | D:4      | Found Cashryne's Armour Emporium.
  4114 | D:4      | Found Ohalesk's Magic Scroll Emporium.
  4195 | D:4      | Reached XP level 7. HP: 64/66 MP: 6/6
  4213 | D:4      | Reached *** piety under Trog
  4382 | D:4      | Noticed Menkaure
  4387 | D:4      | Killed Menkaure
  4617 | D:5      | Entered Level 5 of the Dungeon
  4840 | D:5      | Noticed Pikel
  4867 | D:5      | Killed Pikel
  4868 | D:5      | Reached XP level 8. HP: 78/78 MP: 7/7
  6320 | D:6      | Noticed Maggie
  6342 | D:6      | Killed Maggie
  6343 | D:6      | Reached skill level 10 in Axes
  6689 | D:7      | Found a sand-covered staircase.
  6731 | D:7      | Reached skill level 10 in Fighting
  6756 | Ossuary  | Entered an ossuary
  7343 | D:7      | Reached XP level 9. HP: 67/85 MP: 8/8
  7429 | D:7      | Noticed Joseph
  7437 | D:7      | Killed Joseph
  8331 | D:8      | Noticed Psyche
  8340 | D:8      | Killed Psyche
  8340 | D:8      | Reached **** piety under Trog
  8714 | D:8      | Noticed Erica
  8737 | D:8      | Killed Erica
  9137 | D:8      | Reached XP level 10. HP: 35/93 MP: 9/9
 10078 | D:8      | Noticed Gastronok
 10089 | D:8      | Killed Gastronok
 10773 | D:9      | Found an ornate altar of the Wu Jian Council.
 11050 | D:9      | Noticed a manticore
 11067 | D:9      | Killed a manticore
 11075 | D:9      | Noticed a six-headed hydra
 11586 | D:9      | Killed a six-headed hydra
 11587 | D:9      | Reached skill level 10 in Armour
 11648 | D:10     | Entered Level 10 of the Dungeon
 11819 | D:10     | Reached XP level 11. HP: 94/99 MP: 10/10
 11903 | D:10     | Reached skill level 1 in Evocations
 12105 | D:10     | Found a staircase to the Orcish Mines.
 12107 | D:10     | Found Neaca's Weapon Shop.
 12249 | D:10     | Noticed a two-headed ogre
 12255 | D:10     | Killed a two-headed ogre
 12379 | D:10     | Found a staircase to the Lair.
 12537 | D:10     | Found a portal to a secret trove of treasure.
 12747 | Lair:1   | Entered Level 1 of the Lair of Beasts
 13040 | Lair:1   | Reached skill level 15 in Axes
 13372 | Lair:1   | Reached ***** piety under Trog
 13951 | Lair:2   | Reached skill level 5 in Evocations
 14248 | Lair:2   | Noticed a five-headed hydra
 14266 | Lair:1   | Killed a five-headed hydra
 14481 | Lair:2   | Identified a scroll of acquirement
 14482 | Lair:2   | Acquired 521 gold pieces
 14487 | Lair:2   | Found the +4 robe of Folly {Brilliance Will-∞ Int+8}
 14503 | Lair:2   | Reached XP level 12. HP: 106/106 MP: 11/11
 14707 | D:4      | Bought a scroll of brand weapon for 220 gold pieces
 14707 | D:4      | Bought a scroll of fog for 22 gold pieces
 14707 | D:4      | Bought a scroll of enchant armour for 82 gold pieces
 14707 | D:4      | Bought a scroll of fear for 38 gold pieces
 14712 | D:4      | Bought a scroll of enchant weapon for 82 gold pieces
 14712 | D:4      | Bought a scroll of blinking for 82 gold pieces
 14712 | D:4      | Bought a scroll of summoning for 104 gold pieces
 16431 | Lair:3   | Noticed an eight-headed hydra
 16441 | Lair:3   | Killed an eight-headed hydra
 16770 | Lair:3   | Reached skill level 10 in Evocations
 17014 | Lair:3   | Noticed an eight-headed hydra
 17436 | Lair:3   | Killed an eight-headed hydra
 18140 | Lair:4   | Noticed an eight-headed hydra
 18148 | Lair:4   | Reached XP level 13. HP: 119/119 MP: 12/12
 18148 | Lair:4   | Received a gift from Trog
 18263 | Lair:4   | Found a staircase to the Snake Pit.
 18436 | Lair:4   | Found a staircase to the Swamp.
 19722 | Lair:5   | Reached skill level 15 in Fighting
 19729 | Lair:5   | Noticed Snorg
 19742 | Lair:5   | Killed Snorg
 20357 | Lair:5   | Noticed Josephine
 20385 | Lair:5   | Killed Josephine
 20389 | Lair:5   | Reached XP level 14. HP: 89/140 MP: 13/13
 20578 | Lair:5   | Found a staircase to the Slime Pits.
 21162 | Lair:6   | Entered Level 6 of the Lair of Beasts
 21162 | Lair:6   | Noticed VictoriousLee's ghost (journeyman TeSu)
 21162 | Lair:6   | Found a transporter.
 21201 | Lair:6   | Found a transporter.
 21678 | Lair:6   | Received a gift from Trog
 22422 | Lair:6   | Identified the +0 buckler "Seaj" {Stlth+}
 22845 | Orc:1    | Entered Level 1 of the Orcish Mines
 22881 | Orc:2    | Entered Level 2 of the Orcish Mines
 22955 | Orc:2    | Found a staircase to the Elven Halls.
 23005 | Orc:2    | Found a dark tunnel.
 23013 | Volcano  | Entered a volcano
 24032 | Orc:2    | Found Zony's Antique Weapon Boutique.
 24107 | Orc:2    | Noticed an orc warlord
 24129 | Orc:2    | Killed an orc warlord
 24264 | Orc:2    | Found Wapueg's Distillery.
 24265 | Orc:2    | Found Pumaewno's Magic Scroll Boutique.
 25436 | Orc:2    | Reached XP level 15. HP: 154/154 MP: 5/14
 25455 | Orc:2    | Found Xeamof's Jewellery Emporium.
 25455 | Orc:2    | Found Notog's Antique Armour Shoppe.
 25464 | Orc:2    | Found a one-way gate leading to the halls of Pandemonium.
 25472 | Orc:2    | Bought the amulet of Circularity {Faith Contam Str+4 Dex+8}
                  | for 1065 gold pieces
 25472 | Orc:2    | Bought a ring of poison resistance for 320 gold pieces
 25777 | Orc:1    | Noticed an orc warlord
 25793 | Orc:1    | Killed an orc warlord
 25873 | Orc:1    | Identified the +8 battleaxe "Cujuus Bauf" {vorpal, +Rage
                  | rPois Str+4 Int-2} (Trog gifted it to you on level 1 of the
                  | Orcish Mines)
 25873 | Orc:1    | Received a gift from Trog
 25879 | Orc:1    | Noticed Erolcha
 25889 | Orc:1    | Killed Erolcha
 26156 | Orc:1    | Found a runed translucent door.
 26157 | Orc:1    | Noticed barney's ghost (journeyman DrTm)
 26166 | Orc:1    | Killed barney's ghost
 26663 | D:11     | Found a viscous altar of Jiyva.
 27318 | D:11     | Found a flagged portal.
 27332 | D:11     | Acquired the amulet "Vefri" {Reflect rElec Dex+2 SH+5 SInv}
 27347 | Bailey   | Entered a bailey
 27352 | Bailey   | Noticed an orc warlord
 27409 | Bailey   | Found a runed translucent gate.
 27412 | Bailey   | Found a runed translucent gate.
 27425 | Bailey   | Found a runed translucent gate.
 27616 | Bailey   | Killed an orc warlord
 27636 | Bailey   | Reached XP level 16. HP: 168/168 MP: 15/15
 27637 | Bailey   | Acquired a +2 kite shield of protection
 28608 | D:12     | Found Ucavi's Weapon Emporium.
 28837 | D:13     | Acquired the ring of Irrepressible Laughter {rElec rPois
                  | rC+ Int+4}
 28876 | D:13     | Identified the +3 trident of Loraskas {vorpal, Dex+3}
 28984 | D:13     | Identified the +10 chain mail of Intuition {rPois Int+5}
 29311 | D:13     | Noticed Nessos
 29316 | D:13     | Killed Nessos
 30052 | D:14     | Found a gate to the Vaults.
 30650 | D:14     | Received a gift from Trog
 31133 | D:15     | Entered Level 15 of the Dungeon
 31189 | D:15     | Reached XP level 17. HP: 101/180 MP: 16/16
 31488 | D:15     | Found a staircase to the Depths.
 31717 | D:15     | Found a huge runed gate.
 31717 | D:15     | Found a huge runed gate.
 31717 | D:15     | Found a huge runed gate.
 31717 | D:15     | Found a huge runed gate.
 31717 | D:15     | Found a huge runed gate.
 31717 | D:15     | Found a huge runed gate.
 31717 | D:15     | Found a huge runed gate.
 31717 | D:15     | Found a huge runed gate.
 31717 | D:15     | Found a huge runed gate.
 31729 | D:15     | Found a huge runed gate.
 31729 | D:15     | Found a huge runed gate.
 31774 | D:15     | Found a huge runed gate.
 31775 | D:15     | Found a huge runed gate.
 31776 | D:15     | Found a huge runed gate.
 31777 | D:15     | Found a huge runed gate.
 31793 | D:15     | Found a huge runed gate.
 31793 | D:15     | Found a huge runed gate.
 31793 | D:15     | Found a huge runed gate.
 31795 | D:15     | Found a huge runed gate.
 31795 | D:15     | Found a huge runed gate.
 31796 | D:15     | Found a huge runed gate.
 31799 | D:15     | Found a huge runed gate.
 31800 | D:15     | Found a huge runed gate.
 31801 | D:15     | Found a huge runed gate.
 31802 | D:15     | Found a huge runed gate.
 31810 | D:15     | Found a huge runed gate.
 31810 | D:15     | Found a huge runed gate.
 31810 | D:15     | Found a huge runed gate.
 32252 | D:15     | Noticed a hellephant
 32269 | D:15     | Killed a hellephant
 32649 | Elf:1    | Entered Level 1 of the Elven Halls
 32798 | Elf:1    | Paralysed by an air elemental for 1 turns
 32857 | Elf:1    | Found the +9 heavy crossbow "Sniper" {vorpal, Acc+∞ SInv}
 32862 | Elf:1    | Paralysed by an air elemental for 1 turns
 33107 | Elf:1    | Received a gift from Trog
 34455 | Swamp:1  | Entered Level 1 of the Swamp
 34583 | Swamp:1  | Noticed Nikola
 34591 | Swamp:1  | Killed Nikola
 35606 | Orc:2    | Bought a scroll of blinking for 127 gold pieces
 35606 | Orc:2    | Bought a scroll of brand weapon for 340 gold pieces
 35606 | Orc:2    | Bought a scroll of teleportation for 51 gold pieces
 35905 | Swamp:1  | You fall into a shaft and drop 1 floor!
 36100 | Swamp:2  | Received a gift from Trog
 38004 | Swamp:2  | Reached XP level 18. HP: 181/196 MP: 17/17
 38313 | Swamp:3  | Found a frozen archway.
 38329 | IceCv    | Entered an ice cave
 39545 | Swamp:3  | Received a gift from Trog
 39546 | Swamp:3  | Reached skill level 27 in Fighting
 39658 | Swamp:3  | Identified the +1 scale mail of Amorality {rC+}
 40294 | Swamp:3  | Identified the +8 plate armour of the Thistle {Int+2}
 40436 | Swamp:4  | Entered Level 4 of the Swamp
 40448 | Swamp:3  | Reached skill level 10 in Shields
 41065 | Swamp:4  | Received a gift from Trog
 41507 | Swamp:4  | Received a gift from Trog
 41622 | Swamp:4  | Noticed the 27-headed Lernaean hydra
 41636 | Swamp:4  | Killed the 27-headed Lernaean hydra
 41644 | Swamp:4  | Got a decaying rune of Zot
 41971 | Swamp:4  | Reached XP level 19. HP: 176/207 MP: 18/18
 42408 | Snake:1  | Entered Level 1 of the Snake Pit
 42567 | Snake:1  | Found a runed translucent gate.
 42567 | Snake:1  | Found a runed translucent gate.
 42567 | Snake:1  | Found a runed translucent gate.
 42570 | Snake:1  | Noticed belegose's ghost (adept DrAK)
 42584 | Snake:1  | Killed belegose's ghost
 42791 | Snake:1  | Noticed Aizul
 42801 | Snake:1  | Killed Aizul
 42802 | Snake:1  | Reached skill level 15 in Shields
 43056 | Snake:1  | Noticed Kirke
 43151 | Snake:1  | Killed Kirke
 43752 | Snake:2  | Noticed Vashnia
 43770 | Snake:2  | Killed Vashnia
 43777 | Snake:2  | Found Xeoxtav's Magic Scroll Shop.
 43921 | Snake:2  | Bought a scroll of fear for 59 gold pieces
 43921 | Snake:2  | Bought a scroll of enchant weapon for 127 gold pieces
 43921 | Snake:2  | Bought a scroll of blinking for 127 gold pieces
 43921 | Snake:2  | Bought a scroll of fear for 59 gold pieces
 43921 | Snake:2  | Bought a scroll of enchant armour for 127 gold pieces
 44191 | Snake:2  | Found a shimmering altar of Xom.
 44300 | Snake:2  | Received a gift from Trog
 45185 | Snake:3  | Identified the +7 hunting sling of Doom {flame, Fly rN+++
                  | rCorr Dex-2}
 45739 | Snake:3  | Found a large runed translucent door.
 45740 | Snake:3  | Found a large runed translucent door.
 45743 | Snake:3  | Noticed Liforeniyw's ghost (adept MiBe)
 45757 | Snake:3  | Killed Liforeniyw's ghost
 45761 | Snake:3  | Identified the +2 morningstar of Watchfulness {spect, rPois
                  | Will- Int+4}
 46223 | Snake:4  | Entered Level 4 of the Snake Pit
 46279 | Snake:4  | Received a gift from Trog
 46354 | Snake:4  | Reached skill level 15 in Armour
 46704 | Snake:4  | Found Lebla's Book Boutique.
 46705 | Snake:4  | Found Syivar's Jewellery Emporium.
 46705 | Snake:4  | Found Reol's Jewellery Emporium.
 46930 | Snake:4  | Reached ****** piety under Trog
 46930 | Snake:4  | Received a gift from Trog
 46942 | Snake:4  | Reached XP level 20. HP: 126/216 MP: 19/19
 47500 | Snake:4  | Got a serpentine rune of Zot
 47681 | Snake:4  | Found Foetuc's Neck Hole.
 47993 | Snake:4  | Received a gift from Trog
 48511 | Vaults:1 | Entered Level 1 of the Vaults
 48923 | Vaults:1 | Found a transporter.
 48932 | Vaults:1 | Found a transporter.
 49045 | Vaults:1 | Found Opahigg's Jewellery Shoppe.
 49469 | Vaults:1 | Received a gift from Trog
 50220 | Vaults:1 | Identified the ring "Teafetya" {rF+ rCorr Int+6}
 51134 | Vaults:2 | Reached XP level 21. HP: 224/224 MP: 20/20
 51216 | Vaults:2 | Received a gift from Trog
 52426 | Vaults:3 | Found a staircase to the Crypt.
 53196 | Vaults:3 | Received a gift from Trog
 54811 | Vaults:3 | Identified the +10 quick blade "Tezaur" {antimagic, rPois
                  | rF- rN+ Will++} (Trog gifted it to you on level 3 of the
                  | Vaults)
 54811 | Vaults:3 | Received a gift from Trog
 55071 | Vaults:4 | Found a magical portal.
 55084 | WizLab   | Entered Lehudib's Moon Base
 55370 | WizLab   | Found a transporter.
 55823 | WizLab   | Gained mutation: Potions are less effective at restoring
                  | your health. [a cacodemon]
 56164 | WizLab   | Reached XP level 22. HP: 233/233 MP: 21/21
 56416 | WizLab   | Found a transporter.
 56804 | WizLab   | Gained mutation: Your body sometimes deteriorates upon
                  | taking damage. [a neqoxec]
 56811 | WizLab   | Lost mutation: Your body sometimes deteriorates upon taking
                  | damage. [potion of mutation]
 56811 | WizLab   | Lost mutation: Potions are less effective at restoring your
                  | health. [potion of mutation]
 56811 | WizLab   | Gained mutation: You are occasionally teleported next to
                  | monsters. [potion of mutation]
 56811 | WizLab   | Gained mutation: You are partially covered in iridescent
                  | scales. (AC +2) [potion of mutation]
 56812 | WizLab   | Lost mutation: You are occasionally teleported next to
                  | monsters. [potion of mutation]
 56812 | WizLab   | Lost mutation: You are partially covered in iridescent
                  | scales. (AC +2) [potion of mutation]
 56812 | WizLab   | Gained mutation: You are clumsy. (Dex -2) [potion of
                  | mutation]
 56812 | WizLab   | Gained mutation: You are robust. (+10% HP) [potion of
                  | mutation]
 56885 | WizLab   | Identified the ring "Akig" {rN+ SInv}
 56891 | WizLab   | Identified the +3 morningstar "Ewoppua" {freeze, Int+6}
 57144 | Vaults:4 | Identified the +4 hand axe "Xaqefo" {vorpal, Contam rCorr
                  | Str+10 Dex-4} (Trog gifted it to you on level 4 of the
                  | Vaults)
 57144 | Vaults:4 | Received a gift from Trog
 57413 | Vaults:4 | Found a large runed translucent door.
 57413 | Vaults:4 | Found a large runed translucent door.
 57414 | Vaults:4 | Noticed rgbqcd's ghost (veteran MiBe)
 57779 | Vaults:4 | Killed rgbqcd's ghost
 58379 | Vaults:5 | Entered Level 5 of the Vaults
 58766 | Vaults:5 | Received a gift from Trog
 58768 | Vaults:5 | Noticed a golden dragon
 58786 | Vaults:5 | Killed a golden dragon
 58787 | Vaults:5 | Reached skill level 27 in Armour
 58806 | Vaults:5 | Reached XP level 23. HP: 134/264 MP: 22/22
 59044 | Vaults:5 | Found Nuistar's General Store.
 59073 | Vaults:5 | Bought a scroll of fear for 49 gold pieces
 59073 | Vaults:5 | Bought a scroll of fear for 49 gold pieces
 59073 | Vaults:5 | Bought a potion of mutation for 112 gold pieces
 59073 | Vaults:5 | Lost mutation: You are robust. (+10% HP) [potion of
                  | mutation]
 59073 | Vaults:5 | Lost mutation: You are clumsy. (Dex -2) [potion of
                  | mutation]
 59073 | Vaults:5 | Gained mutation: Your spells are a little easier to cast,
                  | but a little less powerful. [potion of mutation]
 59073 | Vaults:5 | Gained mutation: Your flesh is heat resistant. (rF+)
                  | [potion of mutation]
 59073 | Vaults:5 | Gained mutation: You are strong-willed. (Will+) [potion of
                  | mutation]
 59366 | Vaults:5 | Noticed Sojobo
 59378 | Vaults:5 | Killed Sojobo
 60290 | Vaults:5 | Got a silver rune of Zot
 60295 | Vaults:5 | Identified the +5 scimitar of Eternal War {vorpal, MP+9
                  | Str+3}
 60349 | Vaults:5 | Noticed a dread lich
 60369 | Vaults:5 | Killed a dread lich
 60615 | Vaults:5 | Identified the +1 plate armour of the Land of Plenty {rPois
                  | Will++ Str+4 Int-3}
 60719 | Vaults:5 | Received a gift from Trog
 60936 | Vaults:5 | Noticed an ancient lich
 60951 | Vaults:5 | Killed an ancient lich
 61198 | Vaults:5 | Identified the amulet of Xom's Pride {Spirit Int+3}
 61775 | Vaults:5 | Identified the +0 pair of boots of Haxugiesch {rCorr
                  | Slay+2}
 62369 | Elf:2    | Reached XP level 24. HP: 249/249 MP: 22/22
 62536 | Elf:2    | Received a gift from Trog
 62834 | Elf:2    | Found a runed translucent gate.
 62835 | Elf:2    | Found a runed translucent gate.
 62835 | Elf:2    | Found a runed translucent gate.
 63747 | Elf:3    | Entered Level 3 of the Elven Halls
 63747 | Elf:3    | Noticed Bai Suzhen
 63771 | Elf:3    | Killed Bai Suzhen
 64062 | Elf:3    | Received a gift from Trog
 64469 | Elf:3    | Found Wunt's Weapon Emporium.
 64493 | Elf:3    | Noticed Saint Roka
 64514 | Elf:3    | Killed Saint Roka
 65153 | Elf:3    | Received a gift from Trog
 65272 | Elf:3    | Identified the ring of the Republic {Fly rPois}
 65296 | Elf:3    | Identified the +4 quarterstaff "Qerhyum" {drain, Dex+7}
 65296 | Elf:3    | Identified the ring "Rudi" {Wiz rC+ Will+ Int+3}
 65456 | Elf:3    | Identified the +1 robe of Catatonia {Dex+4}
 65456 | Elf:3    | Identified the ring of Ymicvy {Will+ Dex+3}
 65623 | Elf:3    | Identified the +6 shortbow of Awis {freeze, +Blink rCorr
                  | Dex+4}
 65626 | Elf:3    | Identified the +1 helmet of Nihilism {rC+ Dex+6}
 65631 | Elf:3    | Identified the +1 cloak of Tah Pes {rC+ Regen+ MP+9}
 65648 | Elf:3    | Identified the ring "Syutituz" {Wiz Slay+2}
 66102 | Depths:1 | Entered Level 1 of the Depths
 66452 | Depths:1 | Found a gateway to Hell.
 66623 | Depths:1 | Found a runed translucent door.
 66624 | Depths:1 | Noticed Xyifiofi's ghost (adept OpCj)
 66636 | Depths:1 | Killed Xyifiofi's ghost
 67263 | Depths:1 | Received a gift from Trog
 67408 | Depths:1 | Found a bloodstained altar of Trog.
 67699 | Depths:2 | Reached XP level 25. HP: 234/257 MP: 22/22
 67915 | Depths:2 | Received a gift from Trog
 68666 | Depths:2 | Noticed a juggernaut
 68677 | Depths:2 | Killed a juggernaut
 69148 | Depths:2 | Found a gateway to a ziggurat.
 69520 | Depths:2 | Found the +9 scales of the Dragon King {rPois rF+ rC+
                  | Will+}
 69548 | Depths:2 | Identified the amulet "Bimisker" {Spirit Dex+3}
 70115 | Depths:2 | Found a burning altar of Makhleb.
 70182 | Depths:2 | Found a blossoming altar of Fedhas.
 70829 | Depths:2 | Received a gift from Trog
 70996 | Depths:2 | Reached skill level 27 in Shields
 72173 | Depths:3 | Reached XP level 26. HP: 266/266 MP: 22/22
 72500 | Depths:3 | Received a gift from Trog
 72794 | Vaults:5 | Bought a scroll of fog for 28 gold pieces
 73063 | D:10     | You paid a toll of 6 scrolls of fog to enter a treasure
                  | trove
 73064 | Trove    | Entered a treasure trove
 73096 | Trove    | Identified the +2 hat of the Northern Lights {*Slow Regen+
                  | SInv}
 73215 | Trove    | Identified the amulet of the Skies Above {Faith -Cast rF+
                  | rN+++ rCorr}
 73217 | Trove    | Identified the amulet "Debliav" {Reflect *Corrode rF+++
                  | Will+ Int+4 Slay-6 SH+5}
 73516 | Depths:3 | Paralysed by a floating eye for 4 turns
 74178 | Depths:4 | Found a hide-covered altar of Uskayaw.
 75341 | Depths:4 | Found a one-way gate to the infinite horrors of the Abyss.
 75465 | Depths:5 | Entered Level 5 of the Depths
 75565 | Depths:5 | Acquired the +7 broad axe of Charity {flame, +Blink rN+
                  | rCorr}
 75808 | Depths:5 | Received a gift from Trog
 75828 | Depths:5 | Found a gate to the Realm of Zot.
 75981 | Depths:5 | Found a corrupted altar of Lugonu.
 76880 | Slime:1  | Entered Level 1 of the Pits of Slime
 76882 | Slime:1  | Gained mutation: You are frail. (-10% HP) [a shining eye]
 76886 | Slime:1  | Gained mutation: Your mind is acute. (Int +2) [a shining
                  | eye]
 76888 | Slime:1  | Gained mutation: Potions are less effective at restoring
                  | your health. [a shining eye]
 77321 | Slime:2  | Received a gift from Trog
 77538 | Slime:3  | Gained mutation: You are very frail. (-20% HP) [a shining
                  | eye]
 77668 | Slime:3  | Reached XP level 27. HP: 218/218 MP: 22/22
 78355 | Slime:5  | Entered Level 5 of the Pits of Slime
 78392 | Slime:5  | Received a gift from Trog
 78415 | Slime:5  | Noticed the Royal Jelly
 78744 | Slime:5  | Gained mutation: You are weak. (Str -2) [a shining eye]
 78750 | Slime:5  | Lost mutation: You are very frail. (-20% HP) [potion of
                  | mutation]
 78750 | Slime:5  | Lost mutation: You are strong-willed. (Will+) [potion of
                  | mutation]
 78750 | Slime:5  | Lost mutation: You are weak. (Str -2) [potion of mutation]
 78750 | Slime:5  | Gained mutation: Your spells are easier to cast, but less
                  | powerful. [potion of mutation]
 78750 | Slime:5  | Gained mutation: You expend magic power (3 MP) to
                  | strengthen your wands. [potion of mutation]
 78751 | Slime:5  | Lost mutation: Your spells are easier to cast, but less
                  | powerful. [potion of mutation]
 78751 | Slime:5  | Lost mutation: Your flesh is heat resistant. (rF+) [potion
                  | of mutation]
 78751 | Slime:5  | Lost mutation: Your spells are a little easier to cast, but
                  | a little less powerful. [potion of mutation]
 78751 | Slime:5  | Gained mutation: Your spells are a little easier to cast,
                  | but a little less powerful. [potion of mutation]
 78751 | Slime:5  | Lost mutation: Your mind is acute. (Int +2) [potion of
                  | mutation]
 78752 | Slime:5  | Lost mutation: Your spells are a little easier to cast, but
                  | a little less powerful. [potion of mutation]
 78752 | Slime:5  | Lost mutation: You expend magic power (3 MP) to strengthen
                  | your wands. [potion of mutation]
 78752 | Slime:5  | Gained mutation: You possess an exceptional clarity of
                  | mind. [potion of mutation]
 78752 | Slime:5  | Gained mutation: You are somewhat resistant to further
                  | mutation. [potion of mutation]
 78753 | Slime:5  | Lost mutation: You possess an exceptional clarity of mind.
                  | [potion of mutation]
 78754 | Slime:5  | Lost mutation: You are somewhat resistant to further
                  | mutation. [potion of mutation]
 78754 | Slime:5  | Lost mutation: You are frail. (-10% HP) [potion of
                  | mutation]
 78754 | Slime:5  | Gained mutation: You occasionally shout uncontrollably at
                  | your foes. [potion of mutation]
 78754 | Slime:5  | Gained mutation: You are partially covered in iridescent
                  | scales. (AC +2) [potion of mutation]
 78754 | Slime:5  | Gained mutation: You have a pair of large horns on your
                  | head. [potion of mutation]
 78757 | Slime:5  | Lost mutation: Potions are less effective at restoring your
                  | health. [potion of mutation]
 78757 | Slime:5  | Lost mutation: You are partially covered in iridescent
                  | scales. (AC +2) [potion of mutation]
 78757 | Slime:5  | Gained mutation: You are frail. (-10% HP) [potion of
                  | mutation]
 78757 | Slime:5  | Gained mutation: Your spells are a little harder to cast,
                  | but a little more powerful. [potion of mutation]
 78758 | Slime:5  | Lost mutation: You are frail. (-10% HP) [potion of
                  | mutation]
 78758 | Slime:5  | Lost mutation: You have a pair of large horns on your head.
                  | [potion of mutation]
 78758 | Slime:5  | Lost mutation: Your spells are a little harder to cast, but
                  | a little more powerful. [potion of mutation]
 78758 | Slime:5  | Gained mutation: Your body sometimes deteriorates upon
                  | taking damage. [potion of mutation]
 78758 | Slime:5  | Gained mutation: Your spells are a little harder to cast,
                  | but a little more powerful. [potion of mutation]
 78759 | Slime:5  | Lost mutation: You occasionally shout uncontrollably at
                  | your foes. [potion of mutation]
 78759 | Slime:5  | Gained mutation: You have large cloven feet. [potion of
                  | mutation]
 78759 | Slime:5  | Gained mutation: Your natural rate of healing is unusually
                  | fast. [potion of mutation]
 78820 | Slime:5  | Found a viscous altar of Jiyva.
 78930 | Slime:5  | Killed the Royal Jelly
 79101 | Slime:5  | Got a slimy rune of Zot
 79102 | Slime:5  | Identified the ring of Riughug {Drain Fly rPois rN++ Int+3}
 79118 | Slime:5  | Identified the +6 quarterstaff of the Witching Coward
                  | {vamp, rPois rC+ Dex+4 Stlth-}
 79123 | Slime:5  | Identified the amulet of Melee {Acrobat Str+2}
 79807 | Zot:1    | Entered Level 1 of the Realm of Zot
 80229 | Zot:1    | Received a gift from Trog
 80461 | Zot:1    | Reached skill level 27 in Axes
 81343 | Zot:2    | Found a transporter.
 81501 | Zot:2    | Found a transporter.
 81531 | Zot:2    | Noticed ShutUppercut's ghost (legendary DsGl)
 81532 | Zot:2    | Noticed a dread lich
 82219 | Zot:3    | Found a transporter.
 82263 | Zot:3    | Received a gift from Trog
 82580 | Zot:3    | Found a transporter.
 83024 | Zot:3    | Noticed an orb of fire
 83038 | Zot:3    | Gained mutation: You are frail. (-10% HP) [a cacodemon]
 83040 | Zot:3    | Gained mutation: Your body often deteriorates upon taking
                  | damage. [an orb of fire]
 83041 | Zot:3    | Reached skill level 15 in Evocations
 83043 | Zot:3    | Gained mutation: Your magical capacity is low. (-10% MP)
                  | [an orb of fire]
 83055 | Zot:3    | Killed an orb of fire
 83077 | Zot:3    | Identified the ring "Cezxyklilit" {Contam rF+ rCorr Str+3}
 83120 | Zot:3    | Identified the amulet of the Past {RegenMP Slay+5 SInv}
 83398 | Zot:4    | Received a gift from Trog
 83790 | Zig:1    | Entered Level 1 of a ziggurat
 83810 | Zig:1    | Identified the +7 arbalest of Bloody Death {venom, rF+ rN+}
 83813 | Zig:2    | Entered Level 2 of a ziggurat
 83831 | Zig:3    | Entered Level 3 of a ziggurat
 83831 | Zig:3    | Noticed Otihibor the pandemonium lord
 83845 | Zig:3    | Killed Otihibor the pandemonium lord
 83922 | Zig:4    | Entered Level 4 of a ziggurat
 83971 | Zig:5    | Entered Level 5 of a ziggurat
 83973 | Zig:5    | Noticed Kisua the pandemonium lord
 84032 | Depths:2 | Lost mutation: You are frail. (-10% HP) [potion of
                  | mutation]
 84032 | Depths:2 | Lost mutation: Your magical capacity is low. (-10% MP)
                  | [potion of mutation]
 84032 | Depths:2 | Lost mutation: Your spells are a little harder to cast, but
                  | a little more powerful. [potion of mutation]
 84032 | Depths:2 | Gained mutation: You have hoof-like feet. [potion of
                  | mutation]
 84923 | Zot:5    | Entered Level 5 of the Realm of Zot
 85436 | Zot:5    | Noticed a dread lich
 85449 | Zot:5    | Killed a dread lich
 85505 | Zot:5    | Noticed a dread lich
 85657 | Zot:5    | Killed a dread lich
 85821 | Zot:5    | Noticed an orb of fire
 85822 | Zot:5    | Noticed an ancient lich
 85822 | Zot:5    | Noticed an orb of fire
 85828 | Zot:5    | Gained mutation: Your magical capacity is low. (-10% MP)
                  | [an orb of fire]
 85829 | Zot:5    | Gained mutation: You are frail. (-10% HP) [an orb of fire]
 85834 | Zot:5    | Noticed a dread lich
 85839 | Zot:5    | Killed an ancient lich
 85842 | Zot:5    | Gained mutation: You are clumsy. (Dex -2) [an orb of fire]
 85847 | Zot:5    | Killed a dread lich
 85847 | Zot:5    | Gained mutation: You sometimes lose the ability to read
                  | scrolls when taking damage. [an orb of fire]
 85849 | Zot:5    | Killed an orb of fire
 85868 | Zot:5    | Gained mutation: You occasionally shout uncontrollably at
                  | your foes. [an orb of fire]
 85869 | Zot:5    | Noticed a dread lich
 85875 | Zot:5    | Noticed an orb of fire
 85876 | Zot:5    | Killed an orb of fire
 85876 | Zot:5    | Identified the +4 war axe "Rewumut" {flame, rN+ Will+
                  | Dex+6} (Trog gifted it to you on level 5 of the Realm of
                  | Zot)
 85876 | Zot:5    | Received a gift from Trog
 85882 | Zot:5    | Lost mutation: Your body often deteriorates upon taking
                  | damage. [potion of mutation]
 85882 | Zot:5    | Lost mutation: You occasionally shout uncontrollably at
                  | your foes. [potion of mutation]
 85882 | Zot:5    | Lost mutation: You have hoof-like feet. [potion of
                  | mutation]
 85882 | Zot:5    | Gained mutation: Your spells are a little harder to cast,
                  | but a little more powerful. [potion of mutation]
 85882 | Zot:5    | Gained mutation: Your skin changes colour to match your
                  | surroundings (Stealth+). [potion of mutation]
 85886 | Zot:5    | Gained mutation: Your body often deteriorates upon taking
                  | damage. [an orb of fire]
 85890 | Zot:5    | Killed a dread lich
 85964 | Zot:4    | Lost mutation: You are frail. (-10% HP) [potion of
                  | mutation]
 85964 | Zot:4    | Lost mutation: Your magical capacity is low. (-10% MP)
                  | [potion of mutation]
 85964 | Zot:4    | Gained mutation: Your spells are harder to cast, but more
                  | powerful. [potion of mutation]
 85964 | Zot:4    | Gained mutation: You passively dampen the noise of your
                  | surroundings. [potion of mutation]
 85965 | Zot:4    | Lost mutation: Your body often deteriorates upon taking
                  | damage. [potion of mutation]
 85965 | Zot:4    | Lost mutation: You have large cloven feet. [potion of
                  | mutation]
 85965 | Zot:4    | Lost mutation: Your spells are harder to cast, but more
                  | powerful. [potion of mutation]
 85965 | Zot:4    | Gained mutation: You heal very quickly. [potion of
                  | mutation]
 85965 | Zot:4    | Gained mutation: You have a beak for a mouth. [potion of
                  | mutation]
 85966 | Zot:4    | Lost mutation: Your spells are a little harder to cast, but
                  | a little more powerful. [potion of mutation]
 85966 | Zot:4    | Lost mutation: Your body sometimes deteriorates upon taking
                  | damage. [potion of mutation]
 85966 | Zot:4    | Gained mutation: Your body sometimes deteriorates upon
                  | taking damage. [potion of mutation]
 85966 | Zot:4    | Gained mutation: You are very clumsy. (Dex -4) [potion of
                  | mutation]
 85966 | Zot:4    | Gained mutation: You have large cloven feet. [potion of
                  | mutation]
 85966 | Zot:4    | Gained mutation: You are partially covered in iridescent
                  | scales. (AC +2) [potion of mutation]
 85967 | Zot:4    | Lost mutation: Your body sometimes deteriorates upon taking
                  | damage. [potion of mutation]
 85967 | Zot:4    | Lost mutation: Your skin changes colour to match your
                  | surroundings (Stealth+). [potion of mutation]
 85967 | Zot:4    | Gained mutation: Your body sometimes deteriorates upon
                  | taking damage. [potion of mutation]
 85967 | Zot:4    | Gained mutation: You have a pair of large horns on your
                  | head. [potion of mutation]
 85968 | Zot:4    | Lost mutation: Your body sometimes deteriorates upon taking
                  | damage. [potion of mutation]
 85968 | Zot:4    | Lost mutation: You are very clumsy. (Dex -4) [potion of
                  | mutation]
 85968 | Zot:4    | Lost mutation: You have large cloven feet. [potion of
                  | mutation]
 85968 | Zot:4    | Gained mutation: You are mostly covered in iridescent
                  | scales. (AC +4) [potion of mutation]
 86095 | Zot:5    | Gained mutation: You have sharp fingernails. [an orb of
                  | fire]
 86095 | Zot:5    | Gained mutation: You tend to lose your temper in combat.
                  | [an orb of fire]
 86113 | Zot:5    | Gained mutation: You are very clumsy. (Dex -4) [an orb of
                  | fire]
 86116 | Zot:5    | Killed an orb of fire
 86281 | Zot:5    | Noticed an orb of fire
 86282 | Zot:5    | Noticed an ancient lich
 86291 | Zot:5    | Noticed a dread lich
 86295 | Zot:5    | Gained mutation: You are weak. (Str -2) [an orb of fire]
 86308 | Zot:5    | Noticed a dread lich
 86309 | Zot:5    | Killed an orb of fire
 86353 | Zot:5    | Lost intelligence.
 86360 | Zot:5    | Noticed an ancient lich
 86370 | Zot:5    | Paralysed by a dread lich for 5 turns
 86378 | Zot:5    | Killed an ancient lich
 86379 | Zot:5    | HP: 13/273 [Orb Guardian (20)]
 86384 | Zot:5    | HP: 12/271 [Orb Guardian (6)]
 86384 | Zot:5    | Demolished by a purple draconian

Illustrated notes

Levels and vault maps discovered:
D:1:      dpeg_arrival_long_road, layout_loops_ring
D:2:      layout_basic, hellmonk_ecumenical_altar_slurped_away, uniq_jessica
D:3:      minmay_chambers_of_twos, layout_basic, lemuel_old_faithful
D:4:      layout_gridville, minmay_temple_entry_gardened_gates, minivault_24,
          minivault_14, serial_bayou_ford_a, minmay_shop_grid_forest,
          uniq_menkaure
D:5:      layout_basic, minivault_4, uniq_pikel
D:6:      layout_basic, uniq_maggie
D:7:      layout_basic, nicolae_ossuary_entry_monument, serial_bayou_pond_c,
          uniq_joseph
D:8:      layout_basic, serial_co_window_serial, co_window_paths_a,
          co_window_corner_a, co_window_corner_a, co_window_corner_a,
          co_window_paths_b, co_window_corner_a, co_window_paths_a,
          co_window_2corner, co_window_cross_4, co_window_2corner,
          co_window_cross_4, co_window_of_opportunity_c,
          co_window_unsneaky_path_a, co_window_paths_c, glass_columns_a,
          glass_columns_b, glass_columns_b, glass_columns_b, glass_columns_a,
          hex_intersection, uniq_psyche, uniq_erica, uniq_gastronok
D:9:      minmay_sliced_demisemicircle, layout_rooms,
          mainiacjoe_overflow_boulevard
D:10:     layout_loops_corners, grunt_lair_entry_orc_guard_hut, orc_david_3,
          enter_trove_3
D:11:     layout_small_grid, enter_bailey_4, jiyva_altar_1
D:12:     layout_cave_pools, serial_shops, kennysheep_mini,
          kennysheep_small_circle
D:13:     layout_roguey, grunt_ministairs_13, uniq_nessos
D:14:     layout_long_grid, skrybe_vaults_entry_preservation, minivault_4
D:15:     hangedman_depths_entry_civil_slaughter, layout_irregular_city,
          minivault_26, not_door_vault_due
Lair:1:   layout_regular_city, grunt_megastairs_4
Lair:2:   layout_hall_layers, st_stairs_8, serial_bayou_pond_d,
          beast_lair_carwin_8
Lair:3:   layout_gridlike
Lair:4:   nzn_winding_woodlands_cross [nzn_winding_woodlands_5x15_twine,
          nzn_winding_woodlands_5x15_pool,
          nzn_winding_woodlands_5x15_split_checker,
          nzn_winding_woodlands_5x15_sidewinder,
          nzn_winding_woodlands_15x15_five_gardens], layout_cave_pods,
          minmay_swamp_entry_worms, dummy_snake_entry
Lair:5:   layout_cave_pods, minmay_slime_entry_oklob_open, lemuel_fruit_fields,
          serial_bayou_shore_b, grunt_megastairs_5, uniq_snorg, uniq_josephine
Lair:6:   minmay_lair_end_frog_pond, layout_regular_city, gammafunk_ghost_arena
Swamp:1:  cheibrodos_swamp_tower_of_moss, layout_basic_swamp, serial_swamp_ruin,
          evilmike_swamp_ruin_house_5, evilmike_swamp_ruin_house_4, swamp_pool2,
          nicolae_swamp_orc_logging_accident, uniq_nikola
Swamp:2:  nicolae_swamp_wrong_neighborhood, layout_falls_marsh,
          hangedman_swamp_diagram, infiniplex_staircase_pool_2
Swamp:3:  cheibrodos_swamp_mausoleum, layout_falls_marsh,
          portal_ice_cave_entry_horrid_things, hangedman_swamp_blocks
Swamp:4:  grunt_swamp_rune_castle, layout_basic_swamp
Snake:1:  layout_gridlike, gammafunk_ghost_split, uniq_aizul, uniq_kirke
Snake:2:  layout_gridlike, basic_altar, serial_shops, nicolae_shop_crystal,
          uniq_vashnia
Snake:3:  layout_chambers, ebering_ghost_disaster_area,
          nicolae_snake_gridmaze_zigzag
Snake:4:  grunt_snake_rune_pools, layout_gridlike,
          nicolae_shop_sticking_my_neck_out, minmay_shop_grove,
          serial_bayou_shore_b, grunt_megastairs_2
Slime:1:  layout_caves, cheibrodos_slime_lost_civilization_6
Slime:2:  layout_caves
Slime:3:  layout_caves
Slime:4:  layout_caves
Slime:5
Orc:1:    layout_diamond_mine, ebering_ghost_inner_flame, nooodl_orcs_dogs,
          uniq_erolcha
Orc:2:    pf_orc_diabolical, layout_diamond_mine, nicolae_volcano_entry_hallway,
          serial_shops, shop, nicolae_orc_crystal_geode
Elf:1:    nicolae_elf_arrival_fired_up, layout_gridlike,
          minmay_elf_crystal_hexagon
Elf:2:    nicolae_elf_blades_crystal_corner, layout_loops_corners
Elf:3:    minmay_elf_hall_x, layout_loops_corners, serial_shops, shop_fountains,
          minivault_25, uniq_saint_roka, uniq_bai_suzhen
Vaults:1: vaults_standard_mumra_x, v_misc_14, gammafunk_sealed_arena,
          ontoclasm_vaults_chip, v_misc_5, v_misc_9, v_misc_2, v_misc_4,
          ontoclasm_vaults_fault, ontoclasm_vaults_ring_small,
          nicolae_vaults_bisected_slash, ontoclasm_vaults_hangar,
          vaults_mumra_lcd, ontoclasm_vaults_ring_square,
          layout_vaults_maze_snakey, portal_desolation_entry_nicolae_slug,
          serial_shops, nicolae_lakefront_shop
Vaults:2: ontoclasm_vaults_ring_large, ontoclasm_vaults_decontamination,
          v_misc_29, v_pattern_5, nicolae_vaults_asterisk, v_misc_31,
          nicolae_vaults_c_with_doors, v_misc_13, nicolae_vaults_alarming,
          ontoclasm_vaults_gateway, layout_vaults_omnigrid
Vaults:3: st_eye, minmay_crypt_entry_simple_corners,
          nicolae_vaults_network_quinsquares
          [nicolae_vaults_network_quincunx_subvault,
          nicolae_vaults_network_quincunx_subvault,
          nicolae_vaults_network_quincunx_subvault,
          nicolae_vaults_network_quincunx_subvault],
          nicolae_vaults_little_squares_3, nicolae_vaults_little_squares_4,
          v_misc_27, vaults_room_semicircle, ontoclasm_vaults_loading_screen,
          layout_vaults_big_room
Vaults:4: advil_vaults_ghost_guards, v_pattern_4, nicolae_vaults_asterisk,
          vaults_room_door_hall, v_misc_17, ontoclasm_vaults_loading_screen,
          hangedman_vaults_corner_blocks, nicolae_vaults_rhombus_6,
          nicolae_vaults_border_crossing, vaults_dpeg_ring,
          nicolae_vaults_mini_display_case, hangedman_vaults_cutoff,
          nicolae_vaults_twisting_passages, vaults_room_stairs_pillars,
          nicolae_vaults_display_case, ontoclasm_vaults_loading_screen,
          nicolae_vaults_little_squares_4, layout_vaults_omnibox,
          mu_enter_wizlab_3
Vaults:5: uniq_sojobo
Depths:1: layout_gridlike, pf_dread_powers_of_hell, hellmonk_bongcloud_opening,
          ebering_ghost_reflecting_pool, kennysheep_big_empty_room,
          minmay_fountain_box, minmay_misc_feat_five,
          chequers_serial_rivers_room_b, tgw_trog
Depths:2: minmay_the_grid_ultimate [minmay_the_grid_prize_inner_circle,
          minmay_the_grid_prize_diamond_cup,
          minmay_the_grid_prize_four_corners_diamond_a,
          minmay_the_grid_prize_four_corners, minmay_the_grid_square_5x5_lines,
          minmay_the_grid_square_5x5_three_walls,
          minmay_the_grid_square_5x5_meh,
          minmay_the_grid_square_5x5_spiral_small,
          minmay_the_grid_square_5x5_slash, minmay_the_grid_square_5x5_dogpile,
          minmay_the_grid_square_5x5_two_small,
          minmay_the_grid_square_5x5_checkered_statues,
          minmay_the_grid_square_5x5_broken_cross,
          minmay_the_grid_square_5x5_six, minmay_the_grid_square_5x5_minibox,
          minmay_the_grid_square_5x5_corner, minmay_the_grid_square_5x5_shrine2,
          minmay_the_grid_square_5x5_beaten_path,
          minmay_the_grid_square_5x5_fat_x, minmay_the_grid_triangle_9x9_thin_v,
          minmay_the_grid_triangle_9x9_semitri,
          minmay_the_grid_triangle_9x9_shrine,
          minmay_the_grid_triangle_9x9_corruption,
          minmay_the_grid_triangle_9x9_stretched_checkered,
          minmay_the_grid_triangle_9x9_from_above,
          minmay_the_grid_triangle_9x9_sprig,
          minmay_the_grid_triangle_9x9_steps,
          minmay_the_grid_triangle_9x9_limited_checkers,
          minmay_the_grid_triangle_9x9_impossible_snake,
          minmay_the_grid_triangle_9x9_wacky_v,
          minmay_the_grid_triangle_9x9_descending_squares,
          minmay_the_grid_triangle_9x9_intruding_spiral,
          minmay_the_grid_triangle_9x9_flanged_cone,
          minmay_the_grid_triangle_9x9_warning,
          minmay_the_grid_triangle_9x9_empty,
          minmay_the_grid_square_5x5_intrusive_squares,
          minmay_the_grid_octo_pinwheel, minmay_the_grid_octo_horde,
          minmay_the_grid_octo_vomiting_pacman, minmay_the_grid_octo_clover,
          minmay_the_grid_octo_toaster, minmay_the_grid_octo_thin_diamonds,
          minmay_the_grid_octo_odd_swirl, minmay_the_grid_octo_concentric,
          minmay_the_grid_paths, minmay_the_grid_dragon_b,
          minmay_the_grid_rooms, minmay_the_grid_large_cup], pan_entry,
          hell_entry
Depths:3: four-leaf_vault, layout_cave_shapes, hellmouth_3,
          minmay_misc_feat_four_crosses, rand_demon_pan_entry_8,
          hangedman_aviary
Depths:4: regret_index_uskayaw_diablada_macabre, layout_gridville,
          abyss_entry_small_statue_room, hell_entry,
          infiniplex_staircase_door_maze
Depths:5: grunt_zot_entry_tricorne, layout_cave_pools, hell_entry,
          chequers_big_river, amcnicky_altar_lugonu_corruption
Zot:1:    layout_misc_corridors, grunt_megastairs_1
Zot:2:    layout_basic, gammafunk_ghost_abyssal_escape
Zot:3:    gammafunk_dig_for_victory, layout_cathedral_of_symmetry
Zot:4:    circus_mu, layout_onion
Zot:5:    layout_gridlike

Skill      XL: |  1  2  3  4  5  6  7  8  9 10 11 12 13 14 15 16 17 18 19 20 21 22 23 24 25 26 27 |
---------------+----------------------------------------------------------------------------------+-----
Fighting       | 4 5 6 7 9 10 12 17 20 21 23 26 27 | 27.0
Axes           | 4 5 6 7 9 10 12 14 16 18 23 27 | 27.0
Shields        | 3 4 7 14 15 20 24 27 | 27.0
Armour         | 6 10 16 20 24 27 | 27.0
Evocations     | 6 10 22 | 22.0
Dodging        | |  2.1

Action                   |  1- 3 |  4- 6 |  7- 9 | 10-12 | 13-15 | 16-18 | 19-21 | 22-24 | 25-27 || total
-------------------------+-------+-------+-------+-------+-------+-------+-------+-------+-------++-------
Melee: Hand axe          |    55 |    88 |   220 |   438 |       |       |       |       |       ||   801
       Headbutt          |    13 |    22 |    69 |   183 |   198 |   364 |   370 |   343 |   783 ||  2345
       Whip              |       |       |       |    44 |    33 |     9 |       |       |       ||    86
       Broad axe         |       |       |       |    87 |   612 |   918 |  1248 |  1244 |  2386 ||  6495
       Demon whip        |       |       |       |       |       |    78 |       |       |       ||    78
       Unarmed           |       |       |       |       |       |       |     5 |       |       ||     5
       Peck              |       |       |       |       |       |       |       |       |    14 ||    14
Throw: Javelin           |       |       |       |     4 |     9 |       |       |       |       ||    13
       Boomerang         |       |       |       |     1 |       |       |       |       |       ||     1
       Throwing net      |       |       |       |       |       |     1 |       |       |     1 ||     2
Invok: Berserk           |     2 |     4 |     9 |    19 |    16 |    14 |     8 |    15 |    15 ||   102
       Trog's Hand       |       |       |     1 |       |     6 |     7 |     6 |     5 |     9 ||    34
       Brothers in Arms  |       |       |       |     2 |     4 |     1 |     2 |       |     7 ||    16
Evoke: Wand              |       |       |       |       |     9 |     1 |     8 |     3 |    19 ||    40
       Condenser vane    |       |       |       |       |     1 |       |       |       |       ||     1
       Phantom mirror    |       |       |       |       |       |       |       |       |     1 ||     1
  Use: Scroll            |       |       |    12 |    14 |     7 |    11 |     7 |     5 |    15 ||    71
       Potion            |       |       |       |     1 |     2 |     2 |     2 |     5 |    29 ||    41
 Stab: Sleeping          |     1 |       |       |       |       |       |       |       |       ||     1
       Distracted        |       |       |       |       |     1 |       |       |       |       ||     1
       Confused          |       |       |       |       |       |     3 |       |       |     1 ||     4
Armor: Animal skin       |     8 |    12 |       |       |       |       |       |       |       ||    20
       Ring mail         |       |    10 |    11 |       |       |       |       |       |       ||    21
       Chain mail        |       |       |    61 |    93 |   101 |   520 |   342 |       |       ||  1117
       Plate armour      |       |       |       |   212 |   156 |       |    47 |   466 |   103 ||   984
       Gold dragon scale |       |       |       |       |       |       |       |       |  1227 ||  1227
Dodge: Dodged            |    31 |    55 |    53 |   162 |   240 |   221 |   227 |   221 |   448 ||  1658
Block: Buckler           |       |       |    31 |   104 |   173 |       |       |       |       ||   308
       Reflection        |       |       |       |       |    17 |    80 |   114 |    62 |    56 ||   329
       Kite shield       |       |       |       |       |       |   963 |  1088 |  1074 |  2568 ||  5693
       Other             |       |       |       |       |       |       |     1 |       |       ||     1
